 Dungeon Crawl Stone Soup version 0.30-a0-1123-gabc949cf19 (webtiles) character file.

Game seed: 7186823312394272670

536 Darkkill the Shooter (level 7, -2/61 HPs)
             Began as a Minotaur Hunter on Apr 22, 2023.
             Was an Initiate of Gozag.
             Slain by a killer bee (5 damage)
             ... on level 5 of the Dungeon.
             The game lasted 00:06:06 (3221 turns).

Darkkill the Shooter (Minotaur Hunter)              Turns: 3221, Time: 00:06:07

Health: -2/61      AC:  5    Str: 19    XL:     7   Next: 4%
Magic:  6/6        EV: 12    Int:  6    God:    Gozag
Gold:   223        SH:  0    Dex: 15    Spells: 6/6 levels left

rFire   . . .        a - +0 shortbow
rCold   . . .        (shield currently unavailable)
rNeg    . . .        l - +0 ring mail of the Fiend {Regen+ Str+3}
rPois   .            (helmet restricted)
rElec   .            (no cloak)
rCorr   .            (no gloves)
SInv    .            (no boots)
Will    .....        (no amulet)
Stlth   ++           (no ring)
HPRegen 1.10/turn    (no ring)
MPRegen 0.10/turn

%: no passive effects
@: lethally poisoned (-2 -> -18), gold aura
A: horns 2, retaliatory headbutt
a: Renounce Religion, Potion Petition, Call Merchant, Bribe Branch


You were on level 5 of the Dungeon.
You worshipped Gozag.
Gozag was aware of your devotion.
You visited 1 branch of the dungeon, and saw 5 of its levels.

You collected 281 gold pieces.
You paid 58 gold pieces to Gozag.

Inventory:

Hand Weapons
 a - a +0 shortbow (weapon)
Missiles
 d - 9 poisoned darts
 e - 6 boomerangs
 f - 19 stones
Armour
 l - the +0 ring mail of the Fiend (worn) {Regen+ Str+3}
   (You found it on level 2 of the Dungeon)

   Str:       It affects your strength (+3).
   Regen:     It increases your rate of health regeneration.
Jewellery
 o - a ring of willpower
Wands
 i - a wand of light (7)
 m - a wand of digging (6)
 q - a wand of paralysis (9)
Scrolls
 b - 2 scrolls of immolation
 g - 2 scrolls of teleportation
Potions
 c - a potion of haste
 h - 2 potions of mutation
 j - 3 potions of brilliance
 k - a potion of attraction
 n - a potion of lignification
 p - a potion of invisibility
 r - a potion of resistance {unknown}


   Skills:
 + Level 5.0 Fighting
 + Level 6.0 Ranged Weapons
 + Level 4.5 Dodging
 + Level 3.3 Stealth


You had 6 spell levels left.
You didn't know any spells.
Your spell library contained the following spells:

 Spells                   Type           Power      Damage    Failure   Level
 Slow                     Hex            0%         N/A       65%         1
 Confusing Touch          Hex            0%         N/A       95%         3
 Vampiric Draining        Necr           0%         2d6       95%         3
 Blade Hands              Tmut           0%         N/A       100%        5
 Irradiate                Conj/Tmut      0%         3d11      100%        5
 Iskenderun's Battlesphe  Conj           0%         2d6       100%        5
 Iron Shot                Conj/Erth      0%         9d1       100%        6
 Dragon Form              Tmut           0%         N/A       100%        7
 Spellforged Servitor     Conj/Summ      0%         N/A       100%        7


Dungeon Overview and Level Annotations

Branches:
Dungeon (5/15)
 Temple: D:4-7

Altars:
Dithmenos
Gozag
Ru
Zin
The Shining One

Shops:
D:3 (


Innate Abilities, Weirdness & Mutations

You have a pair of horns on your head.
You reflexively headbutt those who attack you in melee.


Message History

You now have 219 gold pieces (gained 13).
You now have 223 gold pieces (gained 4).
Found a scale mail.
No target in view!
o - a ring of willpower No target in view!
A killer bee comes into view.
A killer bee is nearby!
You shoot an arrow. The arrow hits the killer bee.
The killer bee buzzes angrily.
The killer bee is heavily wounded.
You hear an angry buzzing noise.
A killer bee comes into view.
A killer bee is nearby!
You shoot an arrow. The arrow hits the killer bee!
The killer bee is heavily wounded.
A killer bee comes into view. x3
The killer bee moves out of view.
There are monsters nearby!
You shoot an arrow. The arrow misses the killer bee.
The killer bee buzzes angrily.
The arrow hits the killer bee.
The killer bee is severely wounded.
The killer bee closely misses you. The killer bee barely misses you.
There are monsters nearby!
You shoot an arrow. The arrow hits the killer bee!
You kill the killer bee!
The killer bee barely misses you. x2; You furiously retaliate!
You headbutt the killer bee. The killer bee barely misses you.
The killer bee stings you. x2
Your Fighting skill increases to level 5!
Your Ranged Weapons skill increases to level 6!
You have reached level 7!
Fire: a) +0 shortbow
Press: ? - help, Q - select action, (/) - cycle Shift-Dir - straight line, f - killer bee
Aim: a killer bee (38% to hit)
You shoot an arrow. The arrow barely misses the killer bee.
The killer bee barely misses you. x2; The killer bee stings you.
The killer bee barely misses you.
Fire: a) +0 shortbow
Press: ? - help, Q - select action, (/) - cycle Shift-Dir - straight line, f/p - killer bee
Aim: a killer bee (38% to hit)
You shoot an arrow. The arrow barely misses the killer bee.
The killer bee stings you.
You are poisoned.
The killer bee poisons you! The killer bee stings you.
The killer bee barely misses you. The killer bee misses you.
You furiously retaliate!
You headbutt the killer bee!
Fire: a) +0 shortbow
Press: ? - help, Q - select action, (/) - cycle Shift-Dir - straight line, f/p - killer bee
Aim: a killer bee (heavily wounded, 38% to hit)
You shoot an arrow.
The arrow closely misses the killer bee.
You feel very sick. The killer bee stings you.
You are more poisoned.
The killer bee poisons you! The killer bee stings you.
The killer bee is distracted by your dazzling golden aura.
The killer bee misses you. x2; You furiously retaliate!
You headbutt the killer bee! The killer bee stings you. x2
A dart slug comes into view.
The killer bee closely misses you. x2; You furiously retaliate!
You headbutt the killer bee! The killer bee barely misses you.
Fire: a) +0 shortbow
Press: ? - help, Q - select action, (/) - cycle Shift-Dir - straight line, f/p - killer bee
Aim: a killer bee (heavily wounded, 38% to hit)
You shoot an arrow. The killer bee buzzes angrily.
The arrow hits the killer bee but does no damage.
The killer bee is heavily wounded.
You feel very sick.
The killer bee is no longer distracted by gold.
The killer bee barely misses you. x2
The killer bee stings you but does no damage.
The killer bee stings you.
You are more poisoned.
The killer bee poisons you! The killer bee stings you!
* * * LOW HITPOINT WARNING * * *
You are more poisoned.
The killer bee poisons you! The killer bee stings you.
* * * LOW HITPOINT WARNING * * *
Fire: a) +0 shortbow
Press: ? - help, Q - select action, (/) - cycle Shift-Dir - straight line, f/p - killer bee
Aim: a killer bee (heavily wounded, 38% to hit)
You shoot an arrow. The arrow misses the killer bee.
* * * LOW HITPOINT WARNING * * *
You feel very sick. The killer bee barely misses you. You furiously retaliate!
You headbutt the killer bee!
You kill the killer bee!
The killer bee stings you.
* * * LOW HITPOINT WARNING * * *
The killer bee stings you but does no damage.
The killer bee closely misses you. The killer bee stings you.
* * * LOW HITPOINT WARNING * * *
You are more poisoned.
The killer bee poisons you! The killer bee barely misses you.
The killer bee stings you.
You die...
Your body crumbles into a pile of gold.

###. #.. #... ..
#.#.##.. $ #......
##..?... ..
###.....|# #$.
.......yy# ...# ###
#....#.#@# #.#.. ..#
#.#......y.#......
#.#
##.#..[.#...#.....#
$ #.#
#.................#
#.#
#.....#.#.#...###..
#.# #......)......#
#.# #..#...#....##
#.# #............#
#.#####..#.#.#...#.#


You could see 3 killer bees.

Vanquished Creatures
  2 ogres (D:4)
  A scorpion (D:5)
  2 killer bees (D:5)
  An orc priest (D:3)
  Ijyb (D:3)
  An iguana (D:5)
  2 orc wizards (D:3)
  Terence (D:3)
  4 adders
  2 worms (D:2)
  3 dart slugs
  8 orcs
  5 endoplasms
  A giant cockroach (D:3)
  4 goblins
  7 hobgoblins
  A quokka (D:1)
  5 ball pythons
  4 bats
  5 frilled lizards
  8 kobolds
  7 rats
75 creatures vanquished.

Notes
Turn   | Place    | Note
-------+----------+-------------------------------------------
     0 | D:1      | Darkkill the Minotaur Hunter began the quest for the Orb.
     0 | D:1      | Reached XP level 1. HP: 18/18 MP: 0/0
   109 | D:1      | Reached skill level 1 in Stealth
   141 | D:1      | Reached XP level 2. HP: 24/25 MP: 1/1
   659 | D:2      | Reached XP level 3. HP: 30/31 MP: 2/2
   806 | D:2      | Identified the +0 ring mail of the Fiend {Regen+ Str+3}
  1172 | D:2      | Reached XP level 4. HP: 35/38 MP: 3/3
  1405 | D:3      | HP: 3/38 [orc priest/divine providence (8)]
  1411 | D:3      | Reached skill level 5 in Ranged Weapons
  1451 | D:3      | Noticed Terence
  1457 | D:3      | Killed Terence
  1481 | D:3      | Reached XP level 5. HP: 19/46 MP: 4/4
  1500 | D:3      | HP: 9/46 [something/magic dart (9)]
  1503 | D:3      | HP: 4/46 [something (1)]
  1896 | D:3      | Found Issor's Antique Weapon Emporium.
  2092 | D:3      | Noticed Ijyb
  2111 | D:3      | Killed Ijyb
  2151 | D:3      | Found a sacrificial altar of Ru.
  2354 | D:4      | Found a glowing golden altar of the Shining One.
  2490 | D:4      | Found an opulent altar of Gozag.
  2602 | D:4      | Became a worshipper of Gozag Ym Sagoz the Greedy
  2659 | D:4      | Noticed an ogre
  2669 | D:4      | Killed an ogre
  2670 | D:4      | Reached XP level 6. HP: 53/53 MP: 5/5
  2846 | D:4      | Found a glowing silver altar of Zin.
  3035 | D:4      | Found a shadowy altar of Dithmenos.
  3121 | D:5      | Entered Level 5 of the Dungeon
  3217 | D:5      | Reached skill level 5 in Fighting
  3217 | D:5      | Reached skill level 6 in Ranged Weapons
  3217 | D:5      | Reached XP level 7. HP: 54/61 MP: 6/6
  3220 | D:5      | HP: 12/61 [killer bee (6)]
  3221 | D:5      | HP: 4/61 [killer bee (3)]
  3221 | D:5      | Slain by a killer bee

Illustrated notes

Levels and vault maps discovered:
D:1:      lemuel_arrival_river_bridge, layout_basic
D:2:      layout_rooms, chequers_arboretum, grunt_decor_junction
D:3:      layout_basic, overflow_temple_1_default, serial_shops, shop,
          uniq_terence, uniq_ijyb
D:4:      layout_basic, grunt_gozag_breadcrumbs, mainiacjoe_overflow_24_doors,
          mainiacjoe_overflow_big_doors
D:5:      lemuel_ratsnest, layout_loops_ring, serial_shops, shop,
          hangedman_decor_lopped, feat_on_display, uniq_menkaure

Skill      XL: |  1  2  3  4  5  6 |
---------------+-------------------+-----
Stealth        | 1 2 3 |  3.3
Fighting       | 3 4 5 |  5.0
Dodging        | 3 4 |  4.5
Ranged Weapons | 5 6 |  6.0

Action                     |  1- 3 |  4- 6 |  7- 9 || total
---------------------------+-------+-------+-------++-------
  Melee: Shortbow          |       |    10 |       ||    10
   Fire: Shortbow          |   104 |   154 |     5 ||   263
    Use: Scroll            |     1 |    12 |       ||    13
         Potion            |       |     2 |       ||     2
 Armour: Leather armour    |     3 |       |       ||     3
         Ring mail         |       |    39 |     2 ||    41
  Dodge: Dodged            |    18 |    53 |    15 ||    86

Table legend: (Time is in decaauts)
 A = Elapsed time spent in this place.
 B = Non-inter-level travel time spent in this place.
 C = Inter-level travel time spent in this place.
 D = Time resting spent in this place.
 E = Time spent auto-exploring this place.
 F = Levels seen in this place.
 G = Mean time per level.
                   A        B        C        D        E       F      G
               +--------+--------+--------+--------+--------+-----+--------+
         Total |   3306 |   3193 |    113 |    100 |   2538 |   5 |  661.2 |
       Dungeon |   3306 |   3193 |    113 |    100 |   2538 |   5 |  661.2 |
               +--------+--------+--------+--------+--------+-----+--------+

Top non-repeatable levels by time:
     D:3: 1029 daAuts
     D:4: 851 daAuts
     D:2: 698 daAuts
     D:1: 616 daAuts
     D:5: 110 daAuts

Table legend:
 A = Kills in this place as a percentage of kills in the entire game.
 B = Kills by you in this place as a percentage of kills by you in the entire game.
 C = Kills by friends in this place as a percentage of kills by friends in the entire game.
 D = Other kills in this place as a percentage of other kills in the entire game.
 E = Experience gained in this place as a percentage of experience gained in the entire game.
 F = Experience gained in this place divided by the number of levels of this place that you have seen.
                   A       B       C       D       E      F
               +-------+-------+-------+-------+-------+----------------------
         Total | 100.0 | 100.0 |   N/A |   N/A | 100.0 | 165.8
       Dungeon | 100.0 | 100.0 |   N/A |   N/A | 100.0 | 165.8
               +-------+-------+-------+-------+-------+----------------------
